 Dungeon Crawl Stone Soup version 0.30-a0-1043-g60ff8d5f49 (webtiles) character file.

Game seed: 5556733491715192137

71165 NinjaNoafa the Spry (level 14, -4/100 HPs)
             Began as a Felid Summoner on Apr 7, 2023.
             Was an Initiate of Gozag.
             Slain by a swamp dragon (8 damage)
             ... on level 1 of the Swamp on Apr 9, 2023.
             The game lasted 02:47:02 (30692 turns).

NinjaNoafa the Spry (Felid Summoner)               Turns: 30692, Time: 02:47:03

Health: -4/100     AC: 26    Str: 14    XL:     14   Next: 96%
Magic:  8/35       EV: 23    Int: 22    God:    Gozag
Gold:   1174       SH:  5    Dex: 10    Spells: 4/33 levels left
                                        Lives:  0   Deaths: 4

rFire   + + .      SeeInvis +    (weapon unavailable)
rCold   + . .      Faith    .    (shield unavailable)
rNeg    + + +      Spirit   .    (body armour unavailable)
rPois   ∞          Reflect  +    (helmet unavailable)
rElec   +          Rampage  .    (cloak unavailable)
rCorr   .                        (gloves unavailable)
Will    ++...                    (boots unavailable)
Stlth   +++                      P - amulet of Gayjacee {Reflect rC+ Str+4 SH+5}
HPRegen 0.36/turn                d - ring of magical power
MPRegen 0.24/turn                D - ring "Golluigg" {rF+++ rN+++ Str+6 Dex-4 Stlth+}

@: statue-form, gold aura, on blink cooldown, very slow
A: slow and powerful, torment resistance 1, boosted hp, very small, claws 1,
fangs 3, see invisible, (speed 1), (shaggy fur 3), stealthy paws, no weapons or
thrown items, no armour, multi-lived, clumsy 1, low MP 1, robust 1, heat
vulnerability 1
a: End Transformation, Renounce Religion, Potion Petition, Call Merchant, Bribe
Branch


You were on level 1 of the Swamp.
You worshipped Gozag.
Gozag was most pleased with you.
You were a living statue of rough stone.
You visited 6 branches of the dungeon, and saw 26 of its levels.
You also visited: Bailey, Gauntlet and Ice Cave.

You collected 9770 gold pieces.
You spent 4633 gold pieces at shops.
You paid 3963 gold pieces to Gozag.

Inventory:

Jewellery
 d - a ring of magical power (left paw)
 h - the ring "Puanucva" {rPois Will- rCorr Str+2 Int+4}
   (You found it on level 13 of the Dungeon)

   [ring of resist corrosion]

   Str:       It affects your strength (+2).
   Int:       It affects your intelligence (+4).
   rPois:     It protects you from poison.
   rCorr:     It protects you from acid and corrosion.
   Will:      It decreases your willpower.
 m - the ring "Nelexyle" {rElec rPois rF- Will+ AC+4}
   (You acquired it on level 9 of the Dungeon)

   [ring of protection]

   AC:        It affects your AC (+4).
   rF:        It makes you vulnerable to fire.
   rElec:     It insulates you from electricity.
   rPois:     It protects you from poison.
   Will:      It increases your willpower.
 t - a ring of protection from fire
 u - a +6 ring of strength
 D - the ring "Golluigg" (right paw) {rF+++ rN+++ Str+6 Dex-4 Stlth+}
   (You bought it in a shop on level 13 of the Dungeon)

   [ring of strength]

   Str:       It affects your strength (+6).
   Dex:       It affects your dexterity (-4).
   rF:        It renders you almost immune to fire.
   rN:        It renders you almost immune to negative energy.
   Stlth:     It makes you more stealthy.
 M - a ring of willpower
 N - a ring of resist corrosion
 O - a ring of protection from cold
 P - the amulet of Gayjacee (around neck) {Reflect rC+ Str+4 SH+5}
   (You found it on level 5 of the Lair of Beasts)

   [amulet of reflection]

   It reflects blocked missile attacks.
   Str:       It affects your strength (+4).
   rC:        It protects you from cold.
   SH:        It affects your SH (+5).
 S - a ring of wizardry
Wands
 g - a wand of charming (11)
 n - a wand of mindburst (16)
 q - a wand of flame (24)
 w - a wand of iceblast (15)
 K - a wand of polymorph (7)
 R - a wand of acid (4)
Scrolls
 b - 8 scrolls of teleportation
 c - 4 scrolls of amnesia
 e - 2 scrolls of magic mapping
 f - 5 scrolls of vulnerability
 i - 3 scrolls of poison
 j - 5 scrolls of fog
 k - 2 scrolls of fear
 s - 6 scrolls of immolation
 B - a scroll of noise
 G - a scroll of silence
 Q - 9 scrolls of identify
 T - a scroll of torment
Potions
 a - 2 potions of magic
 l - 2 potions of resistance
 o - 7 potions of curing
 p - a potion of brilliance
 r - 3 potions of invisibility
 v - 3 potions of ambrosia
 x - a potion of cancellation
 z - 4 potions of heal wounds
 E - 3 potions of flight
 F - 2 potions of haste
 H - 5 potions of lignification
 I - 2 potions of might
 J - 4 potions of attraction
Miscellaneous
 A - a piece from Xom's chessboard (15/15)
 C - a box of beasts
 L - a lightning rod (4/4)


   Skills:
 + Level 13.1 Fighting
 + Level 16.8 Dodging
 - Level 2.6 Stealth
 - Level 10.0 Spellcasting
 - Level 10.0 Hexes
 + Level 11.3 Summonings
 + Level 4.3 Translocations
 - Level 12.0 Transmutations
 - Level 7.0 Air Magic
 - Level 8.0 Earth Magic
 - Level 8.0 Evocations


You had 4 spell levels left.
You knew the following spells:

 Your Spells              Type           Power      Damage    Failure   Level
a - Summon Mana Viper     Hex/Summ       55%        N/A       1%          5
b - Call Imp              Summ           100%       N/A       1%          2
d - Summon Guardian Gole  Hex/Summ       55%        N/A       1%          3
e - Summon Lightning Spi  Summ/Air       51%        N/A       1%          4
f - Passwall              Tmut/Erth      44%        N/A       1%          2
g - Statue Form           Tmut/Erth      35%        N/A       16%         6
h - Blink                 Tloc           60%        N/A       1%          2
i - Summon Forest         Summ/Tloc      22%        N/A       7%          5

Your spell library contained the following spells:

 Spells                   Type           Power      Damage    Failure   Level
 Apportation              Tloc           60%        N/A       1%          1
 Sandblast                Erth           92%        2d19      1%          1
 Slow                     Hex            100%       N/A       1%          1
 Summon Small Mammal      Summ           100%       N/A       1%          1
 Lesser Beckoning         Tloc           60%        N/A       1%          2
 Call Canine Familiar     Summ           57%        N/A       1%          3
 Confusing Touch          Hex            53%        N/A       1%          3
 Tukima's Dance           Hex            53%        N/A       1%          3
 Petrify                  Tmut/Erth      53%        N/A       1%          4
 Poisonous Vapours        Pois/Air       52%        N/A       2%          2
 Gell's Gravitas          Tloc           30%        N/A       3%          3
 Stone Arrow              Conj/Erth      56%        3d10      3%          3
 Teleport Other           Tloc           30%        N/A       3%          3
 Magic Dart               Conj           44%        1d5       6%          1
 Summon Ice Beast         Ice/Summ       36%        N/A       6%          4
 Mephitic Cloud           Conj/Pois/Air  21%        N/A       7%          3
 Sublimation of Blood     Necr           11%        N/A       9%          2
 Manifold Assault         Tloc           30%        N/A       10%         4
 Passage of Golubria      Tloc           30%        N/A       10%         4
 Vampiric Draining        Necr           11%        2d6       19%         3
 Yara's Violent Unravell  Hex/Tmut       28%        3d12      1%          5
 Lee's Rapid Deconstruct  Erth           23%        3d13*     6%          5
 Alistair's Intoxication  Tmut/Pois      24%        N/A       14%         5
 Irradiate                Conj/Tmut      18%        3d17      14%         5
 Borgnjor's Vile Clutch   Necr/Erth      14%        N/A       32%         5
 Arcjolt                  Conj/Air       13%        1d23      36%         5
 Monstrous Menagerie      Summ           28%        N/A       43%         7
 Summon Hydra             Summ           28%        N/A       43%         7
 Freezing Cloud           Conj/Ice/Air   10%        6-21      54%         5
 Eringya's Noxious Bog    Tmut/Pois      18%        N/A       61%         6
 Storm Form               Tmut/Air       25%        N/A       71%         7
 Plasma Beam              Fire/Air       13%        2x1d26    91%         6


Dungeon Overview and Level Annotations

Branches:
Dungeon (14/15)            Temple (1/1) D:4            Lair (5/5) D:8
  Swamp (1/4) Lair:3        Snake (3/4) Lair:3        Slime (0/5) Lair:4
    Orc (2/2) D:11            Elf (0/3) Orc:2        Vaults (0/5) D:13
 Bailey (visited)           IceCv (visited)         Gauntlet (visited)

Altars:
Ashenzari
Cheibriados
Dithmenos
Elyvilon
Fedhas
Gozag
Hepliaklqana
Kikubaaqudgha
Makhleb
Nemelex Xobeh
Okawaru
Qazlal
Ru
Sif Muna
Trog
Uskayaw
Vehumet
Wu Jian
Xom
Yredelemnul
Zin
The Shining One
Jiyva

Shops:
D:4 *   D:5 ?   D:7 (   D:13 :::=   Orc:2 !*[([   Lair:3 :   Snake:2 [

Portals:
Trove: D:12 (show slimy rune of Zot)

Annotations:
Snake:1 2 transporters, avis's ghost, journeyman DgTm


Innate Abilities, Weirdness & Mutations

You are a living statue of rough stone.
Your actions are slow, but your melee attacks are powerful.
You are resistant to unholy torment.
Your maximum health is greatly increased.
You are immune to poison.
You have sharp claws.
You have razor-sharp teeth.
You have supernaturally acute eyesight. (SInv)
((You cover ground quickly. (Speed+)))
((Your thick and shaggy fur keeps you warm. (AC +3, rC+)))
Your paws help you pounce on unaware monsters.
You are incapable of wielding weapons or throwing items.
You cannot wear armour.
You gain extra lives every three experience levels.
You are clumsy. (Dex -2)
Your magical capacity is low. (-10% MP)
You are robust. (+10% HP)
You are vulnerable to heat. (rF-)


Message History

The vampire mosquito misses you.
The vampire mosquito bites you but does no damage.
The vampire mosquito barely misses you.
A swamp drake comes into view.
You block the vampire mosquito's attack.
Casting: Summon Lightning Spire (mildly dangerous; 1% risk of failure)
Confirm with . or Enter, or press ? or * to list all spells.
You blink.
Splash!
You block the vampire mosquito's attack.
The vampire mosquito bites you!
* * * LOW HITPOINT WARNING * * *
The vampire mosquito barely misses you.
You block the vampire mosquito's attack.
The bloated husk explodes!
The blast of putrescent gases engulfs the vampire mosquito!!!
The vampire mosquito is destroyed!
The blast of putrescent gases engulfs you!
* * * LOW HITPOINT WARNING * * *
The blast of putrescent gases engulfs the vampire mosquito!!
The vampire mosquito is destroyed!
The blast of putrescent gases engulfs your mana viper!!
Your mana viper dies!
Your mana viper disappears in a puff of smoke!
The blast of putrescent gases engulfs the swamp dragon!!!
The bunyip is distracted by your dazzling golden aura.
The swamp dragon bites your lightning spire!
The swamp dragon claws your lightning spire.
Your lightning spire is destroyed!
Your lightning spire disappears in a puff of smoke!
The swamp dragon roars deafeningly!
The bunyip is no longer distracted by gold.
The swamp worm fires a harpoon shot at you.
The harpoon shot misses you.
The eleionoma flows through the trees.
The eleionoma hits you but does no damage.
The alligator is distracted by your dazzling golden aura.
The swamp dragon misses you. The swamp dragon closely misses you.
The swamp dragon tramples you!
You die...
Your body crumbles into a pile of gold.

#... ♣.~~~~.~.♣ $
#....♣ §~~§~~~.
....~♣ ♣♣♣♣.$~~~.♣♣
#..§♣♣ ♣~.....~...
#..w~♣ ~.§~..§...
##...~♣♣♣♣k~~~.~~~
##..?...R~..~t§~.~♣
.##..$.~~.8D~§§§~§~.♣
....~..<~~$~~§~§~~~.♣
....♣♣..~~~$...§~~..~
$ ♣ ♣♣...~....~~..~♣♣
♣♣$~.$~.~~.♣♣♣♣
♣~~$~.~~~.♣
♣.~§~~....♣
♣~.~~..$.~♣
♣♣.~~..~~...♣


You could see an eleionoma, an alligator (swift, unaware), a swamp dragon, a
swamp worm and a swamp drake.

Vanquished Creatures
  Kirke (Lair:4)
  An orc warlord (Orc:2)
  An anaconda (Snake:1)
  2 mana vipers
  An orc sorcerer (Orc:2)
  An elephant (Lair:4)
  A salamander (Snake:2)
  4 black mambas
  A centaur skeleton (D:13)
  A komodo dragon (Lair:4)
  A yaktaur (D:13)
  2 trolls
  A hornet (D:11)
  A yak (D:10)
  3 hogs (Lair:4)
  A basilisk (Lair:4)
  A vampire mosquito (D:14)
  A naga (Snake:2)
  An ogre (D:11)
  A boggart (Lair:5)
  A wolf (Lair:5)
  A killer bee (Lair:4)
  2 orc wizards
  An orc (Orc:2)
  A kobold (D:13)
33 creatures vanquished.

Vanquished Creatures (collateral kills)
  A nagaraja (Snake:2)
  Azrael (D:12)
  A fire dragon (D:13)
  Josephine (Lair:5)
  Erolcha (D:9)
  2 hydras (Lair:3)
  2 anacondas
  A catoblepas (D:13)
  An ogre mage (D:13)
  5 two-headed ogres
  An alligator (Swamp:1)
  2 boulder beetles
  2 naga warriors (Snake:2)
  2 naga sharpshooters (Snake:2)
  The ghost of Nabski the Devastator, a journeyman TeFE of Hepliaklqana (D:10)
  An orc high priest (Orc:2)
  Sonja (D:12)
  A goliath frog (Swamp:1)
  A skeletal warrior (D:13)
  3 sea snakes
  3 naga ritualists
  2 lindwurms
  A deep elf pyromancer (D:13)
  3 spriggan simulacra (IceCv)
  A mana viper (Snake:1)
  2 orc sorcerers (Orc:2)
  3 ugly things
  2 orc knights
  An oklob plant (Lair:1)
  6 salamanders
  3 cyclopes
  2 elephants (Lair:4)
  A manticore (D:11)
  3 slime creatures (D:12)
  A rust devil (D:10)
  A guardian serpent (Snake:2)
  29 black mambas
  8 naga magi
  A centaur skeleton (D:13)
  An orange demon (D:10)
  14 cane toads
  2 unseen horrors (D:11)
  A freezing wraith (D:7)
  3 yaktaurs (D:13)
  4 rime drakes
  7 komodo dragons
  An anaconda simulacrum (IceCv)
  A kobold demonologist (D:13)
  2 red devils (D:10)
  2 hellwings (D:10)
  2 ice devils (IceCv)
  3 polar bears
  A meliai (Lair:4)
  7 trolls
  6 hornets
  A tyrant leech (Swamp:1)
  27 blink frogs
  2 dream sheep (Lair:5)
  A dire elephant simulacrum (IceCv)
  11 spriggans (Lair:5)
  Sigmund (D:5)
  A shadow (D:10)
  A culicivora (shapeshifter) (D:13)
  36 yaks
  2 wraiths (Lair:5)
  A fire elemental (D:12)
  A basilisk (Lair:4)
  A golden eye (shapeshifter) (D:13)
  Grum (D:9)
  A hog (Lair:4)
  A steam dragon (Lair:2)
  2 minotaur simulacra (IceCv)
  6 vampire mosquitoes
  A neqoxec (D:10)
  6 swamp worms
  2 harpy simulacra (IceCv)
  10 nagas
  3 hell hounds (D:12)
  3 wargs
  13 water moccasins
  29 orc warriors
  A swamp drake (Swamp:1)
  5 black bears
  10 ogres
  2 boggarts (Lair:5)
  8 centaurs
  34 wolves
  7 kobold brigands
  16 bullfrogs
  4 gnoll sergeants
  4 deep troll simulacra (IceCv)
  A scorpion (D:6)
  8 wights
  A hornet simulacrum (D:14)
  6 killer bees (Lair:4)
  10 howler monkeys
  A centaur zombie (D:7)
  4 hounds
  2 gnoll boudas
  3 quasits (D:10)
  20 orc priests
  2 jellies
  A sleepcap (D:6)
  3 iguanas
  24 orc wizards
  7 hell rats
  A boggart skeleton (D:13)
  Robin (D:3)
  A howler monkey zombie (D:7)
  17 gnolls
  6 adders
  6 river rats (D:6)
  8 white imps
  2 ufetubi
  A worm (D:2)
  2 dart slugs (D:1)
  The ghost of hwolsky the Digger, a weakling FoEE (D:7)
  96 orcs
  5 bats
  10 endoplasms
  2 giant cockroaches
  14 goblins
  5 hobgoblins
  11 jackals
  12 quokkas
  5 ball pythons
  8 frilled lizards
  20 kobolds
  19 rats
  2 butterflies (Lair:1)
764 creatures vanquished.

Vanquished Creatures (others)
  A nagaraja (Snake:2)
  A very ugly thing (IceCv)
  An orc warlord (Bailey)
  Nessos (D:12)
  An ettin (Orc:1)
  The ghost of grumposus the Jinx, a journeyman SpEn of Ru (Lair:4)
  2 hydras
  An anaconda (Snake:2)
  A centaur warrior (D:13)
  2 two-headed ogres
  Nergalle (Orc:1)
  The ghost of Newt the Skirmisher, a novice KoHu of Hepliaklqana (D:8)
  A naga ritualist (Snake:1)
  4 spriggan simulacra (IceCv)
  An orc knight (Orc:2)
  An ugly thing (D:12)
  An elephant (D:8)
  6 black mambas
  An orange demon (D:10)
  A centaur skeleton (D:13)
  2 cane toads
  A yaktaur (D:13)
  3 anaconda simulacra (IceCv)
  A freezing wraith (D:7)
  A komodo dragon (Lair:1)
  6 ice devils
  2 trolls
  A queen bee (Lair:4)
  A bloated husk (Swamp:1)
  2 hornets
  2 spriggans (Lair:5)
  2 wraiths (Lair:5)
  A vampire (D:10)
  2 dire elephant simulacra (IceCv)
  3 yaks
  A basilisk (D:8)
  A steam dragon (D:8)
  A harpy simulacrum (IceCv)
  4 minotaur simulacra (IceCv)
  2 vampire mosquitoes (Swamp:1)
  A swamp worm (Lair:3)
  3 orc warriors
  A black bear (D:4)
  An ogre (Orc:2)
  A wolf (Lair:5)
  Blork the orc (D:4)
  8 deep troll simulacra (IceCv)
  4 wights
  A lindwurm simulacrum (IceCv)
  Crazy Yiuf (D:5)
  An orc priest (Orc:2)
  An iguana (D:5)
  An orc wizard (Orc:2)
  A hell rat (Lair:4)
  2 orcs (Orc:2)
  A ball python (D:1)
  22 demonic plants
  34 fungi
  51 plants
205 creatures vanquished.

Grand Total: 1002 creatures vanquished

Notes
Turn   | Place    | Note
-------+----------+-------------------------------------------
     0 | D:1      | NinjaNoafa the Felid Summoner began the quest for the Orb.
     0 | D:1      | Reached XP level 1. HP: 7/7 MP: 4/4
    53 | D:1      | Reached XP level 2. HP: 11/11 MP: 6/6
    56 | D:1      | Learned a level 2 spell: Call Imp
   492 | D:1      | Reached XP level 3. HP: 14/14 MP: 4/8
   496 | D:1      | Learned a level 3 spell: Call Canine Familiar
   987 | D:2      | You fall into a shaft and drop 2 floors!
   996 | D:4      | Found Teeterph's Elemental Accessories.
  1080 | D:3      | Reached XP level 4. HP: 18/18 MP: 3/9
  1892 | D:3      | Reached skill level 5 in Summonings
  2073 | D:3      | Reached XP level 5. HP: 9/21 MP: 10/11
  2113 | D:3      | Reached skill level 1 in Hexes
  2148 | D:3      | Learned a level 3 spell: Summon Guardian Golem
  2346 | D:3      | Noticed Robin
  2355 | D:3      | Killed Robin
  2752 | D:4      | Gained mutation: You are covered in thick fur. (AC +2)
                  | [Felid growth]
  2752 | D:4      | Reached XP level 6. HP: 7/24 MP: 13/13
  3018 | D:4      | Found a staircase to the Ecumenical Temple.
  3033 | Temple   | Entered the Ecumenical Temple
  3215 | Temple   | Became a worshipper of Gozag Ym Sagoz the Greedy
  3441 | D:4      | Noticed Blork the orc
  3458 | D:4      | Killed Blork the orc
  3855 | D:4      | Reached XP level 7. HP: 27/27 MP: 15/15
  3971 | D:5      | Entered Level 5 of the Dungeon
  3997 | D:5      | Found a stormy altar of Qazlal.
  3997 | D:5      | Found a shadowy altar of Dithmenos.
  3998 | D:5      | Found a hide-covered altar of Uskayaw.
  4042 | D:5      | Found a blossoming altar of Fedhas.
  4272 | D:5      | Found a runed translucent door.
  4273 | D:5      | Noticed Crazy Yiuf
  4396 | D:5      | Found Zohacw's Magic Scroll Emporium.
  4418 | D:5      | Bought a scroll of fog for 60 gold pieces
  4418 | D:5      | Bought a scroll of identify for 30 gold pieces
  4418 | D:5      | Bought a scroll of teleportation for 45 gold pieces
  4418 | D:5      | Bought a scroll of identify for 30 gold pieces
  4418 | D:5      | Bought a scroll of noise for 15 gold pieces
  4418 | D:5      | Bought a scroll of immolation for 60 gold pieces
  4496 | D:5      | Reached skill level 5 in Spellcasting
  4496 | D:5      | Reached skill level 5 in Hexes
  4525 | D:5      | Found an ornate altar of the Wu Jian Council.
  4689 | D:5      | Found a bloodstained altar of Trog.
  4771 | D:5      | Noticed Sigmund
  4796 | D:5      | Killed Sigmund
  5011 | D:5      | Killed Crazy Yiuf
  5118 | D:6      | Reached XP level 8. HP: 15/31 MP: 17/17
  5132 | D:5      | HP: 1/31 [bullfrog (5)]
  5550 | D:6      | Reached skill level 1 in Air Magic
  6729 | D:6      | Learned a level 4 spell: Summon Lightning Spire
  6857 | D:7      | Found Beig's Antique Weapon Shop.
  6934 | D:7      | Reached XP level 9. HP: 34/34 MP: 20/20
  7060 | D:7      | Noticed an ice devil
  7068 | D:7      | Noticed a freezing wraith
  7069 | D:7      | Killed an ice devil
  7140 | D:7      | Killed a freezing wraith
  7149 | D:7      | Noticed a freezing wraith
  7189 | D:7      | Killed a freezing wraith
  7212 | D:7      | Found the +8 frozen axe "Frostbite" {freeze, freezing
                  | cloud, *Noise Fly rC+}
  7356 | D:7      | Found a runed translucent gate.
  7356 | D:7      | Found a runed translucent gate.
  7356 | D:7      | Found a runed translucent gate.
  7356 | D:7      | Noticed hwolsky's ghost (weakling FoEE)
  7358 | D:7      | Found a basalt altar of Yredelemnul.
  7491 | D:7      | Killed hwolsky's ghost
  7582 | D:8      | Reached skill level 5 in Air Magic
  7663 | D:8      | Found a runed translucent gate.
  7663 | D:8      | Found a runed translucent gate.
  7663 | D:8      | Found a runed translucent gate.
  7664 | D:8      | Noticed an elephant
  7693 | D:8      | Killed an elephant
  7694 | D:8      | Reached XP level 10. HP: 37/37 MP: 21/23
  7784 | D:8      | Noticed a two-headed ogre
  7803 | D:8      | Killed a two-headed ogre
  7804 | D:8      | Reached skill level 1 in Fighting
  7804 | D:8      | Reached skill level 3 in Dodging
  7804 | D:8      | Reached skill level 10 in Summonings
  7955 | D:8      | Found a staircase to the Lair.
  8066 | D:8      | Noticed Newt's ghost (novice KoHu)
  8067 | D:8      | Noticed an 11-headed hydra
  8167 | D:8      | Found a burning altar of Makhleb.
  8263 | D:9      | Noticed Erolcha
  8296 | D:9      | Reached skill level 4 in Dodging
  8593 | D:9      | Killed Erolcha
  8594 | D:9      | Reached skill level 5 in Dodging
  8651 | D:9      | Found an iron altar of Okawaru.
  8903 | D:9      | Noticed Grum
  8920 | D:9      | Killed Grum
  8934 | D:9      | HP: 2/42 [wolf[Grum] (11)]
  9008 | D:9      | Identified a scroll of acquirement
  9037 | D:9      | Acquired the ring "Nelexyle" {rElec rPois rF- Will+ AC+4}
  9207 | D:8      | Learned a level 2 spell: Passwall
  9256 | D:10     | Entered Level 10 of the Dungeon
  9279 | D:10     | Found a transporter.
  9381 | D:10     | Found a transporter.
  9387 | D:10     | Noticed a white ugly thing
  9389 | D:10     | Noticed Nabski's ghost (journeyman TeFE)
  9407 | D:10     | Killed a white ugly thing
  9408 | D:10     | Reached skill level 1 in Transmutations
  9482 | D:10     | Reached skill level 6 in Dodging
  9482 | D:10     | Reached skill level 1 in Earth Magic
  9483 | D:10     | Noticed an orange demon
  9494 | D:10     | Killed an orange demon
  9502 | D:10     | Reached XP level 11. HP: 33/45 MP: 19/25
  9679 | D:10     | Found a flagged portal.
  9689 | Bailey   | Entered a bailey
  9694 | Bailey   | Noticed an orc warlord
  9810 | Bailey   | Found a runed translucent gate.
  9811 | Bailey   | Found a runed translucent gate.
  9812 | Bailey   | Found a runed translucent gate.
  9838 | Bailey   | Noticed an orc knight
  9865 | Bailey   | Killed an orc knight
 10045 | Bailey   | Killed an orc warlord
 10096 | Bailey   | Identified the staff of poison "Nebufoff" {rPois rN+}
 10109 | D:10     | Acquired 650 gold pieces
 10147 | D:10     | Killed by an exploding themself... ignited by their inner
                  | flame
 10148 | D:10     | Reached XP level 10. HP: -11/43 MP: 32/33
 10359 | D:10     | Found a snail-covered altar of Cheibriados.
 10413 | D:10     | Reached skill level 7 in Dodging
 10521 | D:10     | Noticed a rust devil
 10537 | D:10     | Killed a rust devil
 10699 | D:10     | Killed an orange demon
 10700 | D:10     | Reached skill level 5 in Fighting
 11382 | D:5      | Bought a scroll of summoning for 142 gold pieces
 11382 | D:5      | Bought a scroll of teleportation for 45 gold pieces
 11450 | D:4      | Bought the Tome of Orogeny for 532 gold pieces
 11450 | D:4      | Bought a lightning rod (4/4) for 420 gold pieces
 11450 | D:4      | Bought a wand of flame (16) for 156 gold pieces
 11554 | Lair:1   | Entered Level 1 of the Lair of Beasts
 11595 | Lair:1   | Noticed a cane toad
 11601 | Lair:1   | Killed a cane toad
 11602 | Lair:1   | Reached skill level 1 in Evocations
 11657 | Lair:1   | Reached XP level 11. HP: 47/47 MP: 25/25
 11673 | Lair:1   | Reached skill level 10 in Spellcasting
 11768 | Lair:1   | You fall into a shaft and drop 1 floor!
 11768 | Lair:2   | Found a gate leading to a gauntlet.
 11774 | Gauntlet | Entered a Gauntlet
 11774 | Gauntlet | Noticed an oklob plant
 11774 | Gauntlet | Found a large runed translucent door.
 11774 | Gauntlet | Found a large runed translucent door.
 11774 | Gauntlet | Found a large runed translucent door.
 11774 | Gauntlet | Found a large runed translucent door.
 11774 | Gauntlet | Found a runed translucent door.
 11774 | Gauntlet | Found a large runed translucent door.
 11774 | Gauntlet | Found a large runed translucent door.
 11774 | Gauntlet | Found a transporter.
 11774 | Gauntlet | Found a transporter.
 11774 | Gauntlet | Found a large runed translucent door.
 11774 | Gauntlet | Found a large runed translucent door.
 11774 | Gauntlet | Found a runed translucent gate.
 11774 | Gauntlet | Found a runed translucent gate.
 11774 | Gauntlet | Found a transporter.
 11775 | Gauntlet | Found a transporter.
 11778 | Gauntlet | Found a transporter.
 11779 | Gauntlet | Found a runed translucent gate.
 11779 | Gauntlet | Found a runed translucent door.
 11783 | Gauntlet | Found a large runed translucent door.
 11783 | Gauntlet | Found a large runed translucent door.
 11787 | Gauntlet | Noticed a green death
 11790 | Gauntlet | Found a transporter.
 11820 | Gauntlet | Found a large runed translucent door.
 11820 | Gauntlet | Found a large runed translucent door.
 11823 | Gauntlet | Found a large runed translucent door.
 11823 | Gauntlet | Found a large runed translucent door.
 11824 | Gauntlet | Found a large runed translucent door.
 11825 | Gauntlet | Found a large runed translucent door.
 11854 | Gauntlet | Found a transporter.
 11868 | Gauntlet | Noticed a soul eater
 11874 | Gauntlet | Found a transporter.
 11879 | Gauntlet | Found a transporter.
 11891 | Gauntlet | Found a transporter.
 11904 | Gauntlet | Found a transporter.
 11910 | Gauntlet | Found a transporter.
 12138 | Lair:2   | Reached skill level 5 in Evocations
 12161 | Lair:2   | HP: 2/48 [yak (15)]
 12385 | Lair:2   | Reached skill level 8 in Dodging
 12601 | Lair:1   | Reached skill level 5 in Transmutations
 12631 | Lair:1   | Noticed an oklob plant
 12638 | Lair:1   | Killed an oklob plant
 12926 | Lair:1   | Reached skill level 9 in Dodging
 13089 | Lair:1   | Gained mutation: Your thick and shaggy fur keeps you warm.
                  | (AC +3, rC+) [Felid growth]
 13089 | Lair:1   | Reached XP level 12. HP: 53/53 MP: 27/27
 13258 | Lair:1   | Reached skill level 5 in Earth Magic
 14034 | Lair:3   | Reached skill level 10 in Dodging
 14118 | Lair:3   | Found a staircase to the Snake Pit.
 14145 | Lair:3   | Slain by a black mamba
 14146 | Lair:3   | Reached XP level 11. HP: -1/50 MP: 24/35
 14146 | Lair:3   | Noticed a boulder beetle
 14191 | Lair:3   | Killed a boulder beetle
 14533 | Lair:3   | Noticed a seven-headed hydra
 14575 | Lair:3   | Killed a seven-headed hydra
 14687 | Lair:3   | Reached XP level 12. HP: 55/55 MP: 11/27
 15176 | Lair:3   | Reached skill level 11 in Dodging
 15176 | Lair:3   | Noticed a seven-headed hydra
 15185 | Lair:3   | Killed a seven-headed hydra
 15185 | Lair:3   | Noticed an eight-headed hydra
 15194 | Lair:3   | Killed an eight-headed hydra
 15199 | Lair:3   | Found a staircase to the Swamp.
 15207 | Lair:3   | Learned a level 6 spell: Statue Form
 15435 | Lair:3   | Learned a level 2 spell: Blink
 15545 | D:8      | Killed Newt's ghost
 15546 | D:8      | Reached skill level 1 in Translocations
 15546 | D:8      | Killed an 11-headed hydra
 15751 | Lair:4   | Found a staircase to the Slime Pits.
 15751 | Lair:4   | Found a viscous altar of Jiyva.
 15802 | Lair:4   | Slain by a black mamba
 15803 | Lair:4   | Reached XP level 11. HP: -2/51 MP: 18/35
 15835 | Lair:4   | Noticed Kirke
 15856 | Lair:3   | Bought a book of Beasts for 532 gold pieces
 15863 | Lair:3   | Learned a level 5 spell: Summon Mana Viper
 15938 | Lair:4   | Killed Kirke
 16017 | Lair:4   | Upgraded the game from 0.30-a0-1018-g25214051b3 to
                  | 0.30-a0-1035-g38d5fb2972
 16075 | Lair:4   | Reached XP level 12. HP: 56/56 MP: 4/27
 16204 | Lair:4   | Found a transporter.
 16398 | Lair:4   | Noticed grumposus's ghost (journeyman SpEn)
 16430 | Lair:4   | Found a transporter.
 16552 | Lair:5   | Entered Level 5 of the Lair of Beasts
 16701 | Lair:5   | Reached skill level 12 in Dodging
 17854 | Lair:5   | Identified the amulet of Gayjacee {Reflect rC+ Str+4 SH+5}
 17974 | Lair:5   | Noticed Josephine
 17988 | Lair:5   | Killed Josephine
 17989 | Lair:5   | Reached XP level 13. HP: 61/61 MP: 13/28
 19035 | D:11     | Found a staircase to the Orcish Mines.
 19058 | D:11     | Reached skill level 13 in Dodging
 19065 | D:11     | Reached skill level 10 in Transmutations
 19105 | D:11     | Reached skill level 10 in Fighting
 19302 | D:12     | Found a portal to a secret trove of treasure.
 19320 | D:12     | Noticed Nessos
 19327 | D:12     | Killed Nessos
 19489 | D:12     | Noticed Sonja
 19497 | D:12     | Killed Sonja
 19628 | D:12     | Noticed Azrael
 19693 | Orc:1    | Entered Level 1 of the Orcish Mines
 19856 | Orc:1    | Noticed an ettin
 19862 | Orc:1    | Killed an ettin
 20240 | Orc:1    | Noticed Nergalle
 20256 | Orc:1    | Killed Nergalle
 20257 | Orc:1    | Reached skill level 10 in Hexes
 20439 | Orc:2    | Entered Level 2 of the Orcish Mines
 20439 | Orc:2    | Found a staircase to the Elven Halls.
 20614 | Orc:2    | Found Koroineo's Assorted Antiques.
 20927 | Orc:2    | Noticed an orc warlord
 20965 | Orc:2    | Killed an orc warlord
 20972 | Orc:2    | Reached skill level 14 in Dodging
 21422 | Orc:2    | Reached XP level 14. HP: 62/66 MP: 15/29
 21437 | Orc:2    | Found Gypten's Armour Shop.
 21603 | Orc:2    | Found Cifetej's Distillery.
 21612 | Orc:2    | Bought a potion of brilliance for 48 gold pieces
 21612 | Orc:2    | Bought a potion of heal wounds for 60 gold pieces
 21612 | Orc:2    | Bought 2 potions of lignification for 72 gold pieces
 21612 | Orc:2    | Bought a potion of lignification for 36 gold pieces
 21612 | Orc:2    | Bought a potion of lignification for 36 gold pieces
 21612 | Orc:2    | Bought a potion of attraction for 36 gold pieces
 21754 | Orc:2    | Found Konkargh's Antique Weapon Boutique.
 21755 | Orc:2    | Found Ekaivvi's Antique Armour Shop.
 22170 | D:12     | Killed Azrael
 22763 | D:13     | Gained mutation: You are dopey. (Int -2) [mutagenic glow]
 23087 | D:13     | Found a white marble altar of Elyvilon.
 23668 | D:10     | Gained mutation: You are occasionally teleported next to
                  | monsters. [mutagenic glow]
 23682 | D:10     | Killed Nabski's ghost
 23753 | D:10     | Lost mutation: You are dopey. (Int -2) [potion of mutation]
 23753 | D:10     | Lost mutation: You are occasionally teleported next to
                  | monsters. [potion of mutation]
 23753 | D:10     | Gained mutation: Your body sometimes deteriorates upon
                  | taking damage. [potion of mutation]
 23753 | D:10     | Gained mutation: You are clumsy. (Dex -2) [potion of
                  | mutation]
 23754 | D:10     | Lost mutation: You are clumsy. (Dex -2) [potion of
                  | mutation]
 23754 | D:10     | Lost mutation: Your body sometimes deteriorates upon taking
                  | damage. [potion of mutation]
 23754 | D:10     | Gained mutation: You are robust. (+10% HP) [potion of
                  | mutation]
 23754 | D:10     | Gained mutation: You have hidden genetic defects. [potion
                  | of mutation]
 23768 | D:10     | Identified the +8 rapier of Ymuis {elec, rC+ Str+5}
 24083 | Lair:4   | Killed grumposus's ghost
 24614 | D:13     | Found a gate to the Vaults.
 24760 | D:13     | Identified the ring "Puanucva" {rPois Will- rCorr Str+2
                  | Int+4}
 24912 | D:13     | Bought the ring "Golluigg" {rF+++ rN+++ Str+6 Dex-4 Stlth+}
                  | for 1774 gold pieces
 25068 | D:14     | Found a frozen archway.
 25080 | D:14     | Reached skill level 15 in Dodging
 25082 | IceCv    | Entered an ice cave
 25105 | IceCv    | Gained mutation: Your magical capacity is low. (-10% MP)
                  | [hidden defects]
 25312 | IceCv    | Identified the +0 ice dragon scales "Geoggont" {-Cast rPois
                  | rF- rC++ rN+ rCorr}
 25459 | IceCv    | Noticed a white very ugly thing
 25478 | IceCv    | Killed a white very ugly thing
 25986 | IceCv    | Got the Vellum of the Zephyr
 26545 | IceCv    | Gained mutation: You are vulnerable to heat. (rF-) [hidden
                  | defects]
 26545 | IceCv    | Lost mutation: You have hidden genetic defects. [hidden
                  | defects expressed]
 26958 | IceCv    | Demolished by a caustic shrike simulacrum
 26959 | IceCv    | Reached XP level 13. HP: -15/70 MP: 5/34
 27304 | Snake:1  | Entered Level 1 of the Snake Pit
 27443 | Snake:1  | Reached XP level 14. HP: 75/75 MP: 18/26
 27534 | Snake:1  | Noticed avis's ghost (journeyman DgTm)
 27538 | Snake:1  | Found a transporter.
 27546 | Snake:1  | Found a transporter.
 27912 | Lair:3   | Gained mutation: You are clumsy. (Dex -2) [mutagenic glow]
 28403 | Snake:2  | Reached skill level 16 in Dodging
 28533 | Snake:2  | Upgraded the game from 0.30-a0-1035-g38d5fb2972 to
                  | 0.30-a0-1043-g60ff8d5f49
 28795 | Snake:2  | Identified the +2 robe of the Soldier {rN++ Str-4}
 28953 | Snake:2  | Noticed a nagaraja
 28961 | Snake:2  | Killed a nagaraja
 29045 | Snake:2  | Found Animep's Antique Armour Emporium.
 29108 | Snake:2  | Noticed a nagaraja
 29124 | Snake:2  | Killed a nagaraja
 30359 | D:13     | Bought a Fen Folio for 504 gold pieces
 30521 | Snake:1  | Learned a level 5 spell: Summon Forest
 30667 | Swamp:1  | Entered Level 1 of the Swamp
 30691 | Swamp:1  | HP: 4/100 [spore (16)]
 30692 | Swamp:1  | Slain by a swamp dragon

Illustrated notes

Levels and vault maps discovered:
D:1:      erik_arrival_orb_chamber, layout_loops_ring, serial_park_tiny_2,
          minmay_quantized
D:2:      layout_loops_ring
D:3:      cheibrodos_old_hovel, layout_basic, uniq_robin
D:4:      layout_layer_cave, minmay_temple_entry_glass, nicolae_elemental_shop,
          chequers_avenue, uniq_blork_the_orc
D:5:      layout_gridville, nicolae_wu_jian_wuxing_cycle,
          nicolae_overflow_quartered_altars, fedhas_bush_and_centaur_altar,
          serial_shops, nicolae_shop_waterfront, uniq_sigmund,
          uniq_crazy_yiuf_cottage
D:6:      lemuel_ratsnest, layout_layer_cave
D:7:      layout_cave_pools, nicolae_yredelemnul_ghost_church, serial_shops,
          nicolae_stop_n_shop_2, hellmonk_guarded_unrand_frostbite
D:8:      layout_loops_ring, general_overflow_altar, david_lair_generic,
          gammafunk_ghost_hydra_chop
D:9:      layout_roguey, old_standard_altar, uniq_grum, uniq_erolcha
D:10:     layout_grid_maze, mainiacjoe_overflow_alcove_4,
          gammafunk_ghost_stat_death, serial_demonic, serial_demonic_e,
          serial_demonic_e, serial_demonic_c, serial_demonic_d,
          serial_demonic_c, serial_demonic_b, enter_bailey_2,
          dreamdust_gnoll_shepherd
D:11:     layout_basic, kennysheep_orc_monster_closet_entryway
D:12:     layout_rooms, enter_trove_2, serial_curves, eino_curves_01,
          eino_curves_02, eino_curves_01, eino_curves_01, uniq_nessos,
          uniq_sonja, uniq_azrael
D:13:     layout_roguey, hangedman_vaults_entry_quadrant_bands,
          chequers_serial_rivers_room_b, nicolae_elyvilon_temple_path
D:14:     layout_layer_cave, nicolae_two_hexagons, serial_ice, serial_ice_d,
          serial_ice_o, serial_ice_j, serial_ice_f, serial_ice_a, serial_ice_h,
          serial_ice_b, serial_ice_e, serial_ice_g, serial_ice_m,
          portal_ice_cave_entry_pillars_1
Temple:   nicolae_temple_slightly_damp_pantheon
Lair:1:   layout_roguey, minmay_lair_oklob_items, lemuel_fruit_fields
Lair:2:   layout_hall_layers, gauntlet_entry_generic
Lair:3:   layout_regular_city, palyth_hydra_swamp_entry,
          minmay_snake_entry_six_corridors, st_stairs_9,
          infiniplex_staircase_pool_2
Lair:4:   layout_misc_corridors, nicolae_slime_entry_slimehenge,
          gammafunk_ghost_hive, uniq_kirke
Lair:5:   minmay_lair_end_enchanted_forest, layout_regular_city, uniq_josephine
Swamp:1:  layout_basic_swamp, evilmike_swamp_ruin_house_3
Snake:1:  layout_misc_corridors, gammafunk_ghost_arena, nicolae_snake_springs,
          serial_bayou_shore_b
Snake:2:  layout_chambers, serial_shops, nicolae_stop_n_shop_1,
          grunt_ministairs_15
Snake:3:  layout_grid_maze, basic_altar, ebering_ghost_xom, grunt_megastairs_2,
          uniq_vashnia, uniq_aizul
Orc:1:    layout_diamond_mine, uniq_nergalle
Orc:2:    grunt_orc_community_town_hall, layout_caves,
          grunt_orc_community_big_house_1, grunt_orc_community_big_house_2,
          grunt_orc_community_house_3, grunt_orc_community_house_3,
          grunt_orc_community_house_2, grunt_orc_community_house_1,
          grunt_orc_community_house_2, grunt_orc_community_house_2,
          serial_shops, nicolae_shop_stone

Skill      XL: |  1  2  3  4  5  6  7  8  9 10 11 12 13 14 |
---------------+-------------------------------------------+-----
Spellcasting   | 3 4 5 7 8 9 10 | 10.0
Summonings     | 5 6 7 8 9 10 11 | 11.3
Hexes          | 2 4 5 6 8 10 | 10.0
Air Magic      | 3 5 6 7 |  7.0
Fighting       | 5 6 9 10 13 | 13.1
Dodging        | 7 9 12 14 16 | 16.8
Transmutations | 3 7 9 11 12 | 12.0
Earth Magic    | 3 7 5 8 |  8.0
Evocations     | 1 6 8 7 |  8.0
Translocations | 4 2 |  4.3
Stealth        | |  2.6

Action                     |  1- 3 |  4- 6 |  7- 9 | 10-12 | 13-15 || total
---------------------------+-------+-------+-------+-------+-------++-------
  Melee: Unarmed           |     2 |     6 |       |    35 |    83 ||   126
         Bite              |       |       |       |     7 |    12 ||    19
         Punch             |       |       |       |       |     2 ||     2
   Cast: Summon Small Mamm |    14 |     6 |    65 |   105 |       ||   190
         Call Imp          |    14 |    19 |    38 |    74 |    58 ||   203
         Call Canine Famil |     5 |    22 |    35 |    94 |    93 ||   249
         Summon Guardian G |       |     2 |    21 |    44 |    86 ||   153
         Summon Lightning  |       |       |     5 |   118 |    66 ||   189
         Summon Mana Viper |       |       |       |    32 |   140 ||   172
         Passwall          |       |       |       |     3 |     9 ||    12
         Statue Form       |       |       |       |     7 |    75 ||    82
         Blink             |       |       |       |     2 |     7 ||     9
         Summon Forest     |       |       |       |       |     2 ||     2
 Invoke: Call Merchant     |       |       |       |     1 |     4 ||     5
Ability: End Transformatio |       |       |       |     4 |     7 ||    11
  Evoke: Wand              |       |       |     1 |     7 |     4 ||    12
         Lightning rod     |       |       |       |     4 |     5 ||     9
         Box of beasts     |       |       |       |       |     1 ||     1
    Use: Potion            |       |     1 |     1 |       |     4 ||     6
         Scroll            |       |       |    12 |    17 |     8 ||    37
   Stab: Betrayed ally     |       |       |       |     1 |       ||     1
         Distracted        |       |       |       |     1 |     2 ||     3
 Armour: Skin              |     1 |     1 |     6 |    53 |   218 ||   279
  Dodge: Dodged            |    25 |    20 |    63 |   493 |   811 ||  1412
  Block: Other             |       |       |       |     1 |   180 ||   181
         Reflection        |       |       |       |       |     7 ||     7

Table legend: (Time is in decaauts)
 A = Elapsed time spent in this place.
 B = Non-inter-level travel time spent in this place.
 C = Inter-level travel time spent in this place.
 D = Time resting spent in this place.
 E = Time spent auto-exploring this place.
 F = Levels seen in this place.
 G = Mean time per level.
                   A        B        C        D        E       F      G
               +--------+--------+--------+--------+--------+-----+--------+
         Total |  28370 |  25201 |   3169 |   2849 |  13035 |  29 |  978.3 |
       Dungeon |  13833 |  11782 |   2051 |    944 |   6642 |  14 |  988.1 |
        Temple |    154 |    133 |     21 |      0 |    121 |   1 |  154.0 |
          Lair |   6420 |   5808 |    612 |    554 |   3015 |   5 | 1284.0 |
         Swamp |     43 |     43 |      0 |      0 |      0 |   1 |   43.0 |
     Snake Pit |   3098 |   2784 |    314 |    442 |   1363 |   3 | 1032.7 |
  Orcish Mines |   2200 |   2032 |    168 |     80 |   1159 |   2 | 1100.0 |
        Bailey |    367 |    367 |      0 |      0 |    181 |   1 |  367.0 |
      Ice Cave |   1979 |   1979 |      0 |    828 |    425 |   1 | 1979.0 |
      Gauntlet |    272 |    272 |      0 |      0 |    124 |   1 |  272.0 |
               +--------+--------+--------+--------+--------+-----+--------+

Top non-repeatable levels by time:
   IceCv: 1979 daAuts
  Lair:5: 1772 daAuts
    D:10: 1717 daAuts
    D:13: 1649 daAuts
 Snake:2: 1644 daAuts
  Lair:3: 1479 daAuts
 Snake:1: 1439 daAuts
   Orc:2: 1381 daAuts
     D:6: 1269 daAuts
    D:12: 1221 daAuts
     D:5: 1193 daAuts
  Lair:1: 1129 daAuts
  Lair:4: 1092 daAuts
    D:11: 1014 daAuts
     D:8: 985 daAuts
